 Dungeon Crawl Stone Soup version 0.31-a0-325-g067879e3d3 (webtiles) character file.

Game seed: 2280062811176415658

35 LustLizard the Changeling (level 3, -2/25 HPs)
             Began as an Octopode Shapeshifter on July 19, 2023.
             Slain by Natasha (10 damage)
             ... on level 2 of the Dungeon.
             The game lasted 00:02:40 (640 turns).

LustLizard the Changeling (Octopode Shapeshifter)    Turns: 640, Time: 00:02:40

Health: -2/25      AC:  1    Str: 16    XL:     3   Next: 35%
Magic:  3/3        EV: 13    Int: 16    God:
Gold:   85         SH:  0    Dex: 14    Spells: 2/2 levels left

rFire   . .          .
                       - Unarmed
rCold   + . .        (no shield)
rNeg    + . .        (helmet currently unavailable)
rPois   .            (no amulet)
rElec   .            c - ring of Zosyret {rC+ rN+ Will++ Int+6 Dex+2}
rCorr   .            (no ring)
SInv    .            (no ring)
Will    ++...        (no ring)
Stlth   ++           (no ring)
HPRegen 0.24/turn    (no ring)
MPRegen 0.08/turn    (no ring)
                     (no ring)

%: no passive effects
@: beast-form
A: beast (slay +2), almost no armour, amphibious, 8 rings, camouflage 1,
gelatinous body 1, (nimble swimmer 1), tentacles
a: Begin Untransformation


You were on level 2 of the Dungeon.
You were a hulking beast.
You visited 1 branch of the dungeon, and saw 2 of its levels.

You collected 85 gold pieces.

Inventory:

Jewellery
 c - the ring of Zosyret (left tentacle) {rC+ rN+ Will++ Int+6 Dex+2}
   (You found it on level 2 of the Dungeon)

   [ring of intelligence]

   Int:       It affects your intelligence (+6).
   Dex:       It affects your dexterity (+2).
   rC:        It protects you from cold.
   rN:        It protects you from negative energy.
   Will:      It greatly increases your willpower.
Talismans
 b - a beast talisman
Wands
 h - a wand of flame (9)
Scrolls
 d - a scroll of teleportation {unknown}
 e - 2 scrolls of torment
 f - a scroll of amnesia {unknown}
Potions
 a - a potion of lignification
 g - a potion of haste {unknown}


   Skills:
 + Level 2.4 Fighting
 - Level 2.0 Dodging
 * Level 3.0 Unarmed Combat
 + Level 3.2 Shapeshifting


You had 2 spell levels left.
You didn't know any spells.
Your spell library was empty.

Dungeon Overview and Level Annotations

Branches:
Dungeon (2/15)

Altars:

Annotations:
D:2 Natasha


Innate Abilities, Weirdness & Mutations

You are a hulking beast.
Your limbs bulge with bestial killing power. (Slay +2)
You cannot wear most types of armour.
You are amphibious.
You can wear up to eight rings at the same time.
Your skin changes colour to match your surroundings (Stealth+).
Your rubbery body absorbs attacks. (AC +1, EV +1)
((You are camouflaged when in or above water. (Stealth+)))
You have tentacles for arms and can constrict up to eight enemies at once.


Message History

No target in view!
h - a wand of flame (9)
A jackal and a goblin come into view.
There are monsters nearby!
A jackal comes into view.
The jackal barks!
The goblin shouts!
You hear an angry hiss.
Natasha, Servant of Life and Death comes into view.
Found 7 gold pieces.
Found a stone staircase leading down.
A jackal comes into view.
Natasha howls an incantation.
You feel troubled.
The jackal barks!
You tentacle-slap the goblin.
You kill the goblin!
The jackal attacks as you move away! The jackal bites you.
The jackal closely misses you. The jackal attacks as you move away!
The jackal bites you.
Natasha mumbles some strange words.
The jackal bites you.
You tentacle-slap the jackal. Your grab misses the jackal.
You squeeze the jackal.
You kill the jackal!
You tentacle-slap the jackal.
You kill the jackal!
The jackal bites you.
Your Unarmed Combat skill increases to level 3!
You closely miss the jackal. You grab the jackal.
You constrict the jackal, but do no damage.
The jackal bites you.
You tentacle-slap the jackal but do no damage.
You squeeze the jackal.
You kill the jackal!
Natasha casts a spell at you. The magic dart hits you.
The cerulean imp misses you. Natasha claws you!
* * * LOW HITPOINT WARNING * * *
You see here a jackal corpse.
You barely miss Natasha. Your grab misses Natasha.
The cerulean imp closely misses you. Natasha claws you!
You die...

##...#...##...# #..
#.............. #.
>............. ####.
...........#.# ....# .....
......)h...#.# .....#######.
...........#.# ............
..........##.# ... ...###.
....#....5##.# #.# ...##
......#.#.hh.####.# #.##
..................#### #...
$....###.............####.†#
..... ####[...........†....
#...# #..............#......
#.....#........#.#....
..................#....
##........#########....
#......... #....


You could see Natasha and a cerulean imp (summoned).

Vanquished Creatures
  A dart slug (D:1)
  5 ball pythons
  2 endoplasms (D:1)
  2 giant cockroaches (D:1)
  3 goblins
  6 jackals
  2 kobolds
  2 bats (D:1)
  3 frilled lizards
  5 rats
31 creatures vanquished.

Notes
Turn   | Place    | Note
-------+----------+-------------------------------------------
     0 | D:1      | LustLizard the Octopode Shapeshifter began the quest for
                  | the Orb.
     0 | D:1      | Reached XP level 1. HP: 14/14 MP: 1/1
    43 | D:1      | Reached XP level 2. HP: 18/19 MP: 2/2
   353 | D:1      | Reached XP level 3. HP: 25/25 MP: 3/3
   543 | D:2      | Identified the ring of Zosyret {rC+ rN+ Will++ Int+6 Dex+2}
   628 | D:2      | Noticed Natasha
   640 | D:2      | Slain by Natasha

Illustrated notes

Levels and vault maps discovered:
D:1:      minmay_arrival_split_and_join, layout_rooms
D:2:      layout_rooms, dreamdust_ecumenical_altar_hidden_monk_grotto,
          uniq_natasha

Skill      XL: |  1  2  3 |
---------------+----------+-----
Unarmed Combat | 3 |  3.0
Fighting       | |  2.4
Dodging        | |  2.0
Shapeshifting  | |  3.2

Action                     || total
---------------------------++-------
  Melee: Unarmed           ||    52
         Constrict         ||    10
         Tentacles         ||     8
    Use: Scroll            ||     2
   Stab: Sleeping          ||     3
 Armour: Skin              ||     5
  Dodge: Dodged            ||    46

Table legend: (Time is in decaauts)
 A = Elapsed time spent in this place.
 B = Non-inter-level travel time spent in this place.
 C = Inter-level travel time spent in this place.
 D = Time resting spent in this place.
 E = Time spent auto-exploring this place.
 F = Levels seen in this place.
 G = Mean time per level.
                   A        B        C        D        E       F      G
               +--------+--------+--------+--------+--------+-----+--------+
         Total |    637 |    627 |     10 |     41 |    416 |   2 |  318.5 |
       Dungeon |    637 |    627 |     10 |     41 |    416 |   2 |  318.5 |
               +--------+--------+--------+--------+--------+-----+--------+

Top non-repeatable levels by time:
     D:1: 521 daAuts
     D:2: 116 daAuts
